 Dungeon Crawl Stone Soup version 0.28.0-43-g3370ac3207 (webtiles) character file.

Game seed: 15969056906083023277

1481 pkoi the Slasher (level 8, -4/70 HPs)
             Began as a Hill Orc Fighter on Mar 22, 2022.
             Was an Initiate of Qazlal.
             Slain by a vampire mosquito (8 damage)
             ... on level 6 of the Dungeon.
             The game lasted 00:06:29 (8105 turns).

pkoi the Slasher (Hill Orc Fighter)                 Turns: 8105, Time: 00:06:29

Health: -4/70      AC:  7    Str: 21    XL:     8   Next: 79%
Magic:  12/12      EV:  9    Int:  8    God:    Qazlal [......]
Gold:   323        SH:  6    Dex: 10    Spells: 6/7 levels left

rFire   + . .      SeeInvis .   a - +1 long sword
rCold   . . .      Faith    .   c - +1 buckler
rNeg    . . .      Spirit   .   b - +0 scale mail
rPois   .          Reflect  .   (no helmet)
rElec   .          Harm     .   (no cloak)
rCorr   .          Rampage  .   (no gloves)
Will    .....                   (no boots)
Stlth   ..........              u - amulet of the acrobat
HPRegen 0.21/turn               f - +4 ring of slaying
MPRegen 0.13/turn               i - ring of protection from fire

@: invisible
A: no striking features
a: Renounce Religion


You were on level 6 of the Dungeon.
You worshipped Qazlal.
Qazlal was noncommittal.
You visited 2 branches of the dungeon, and saw 8 of its levels.

You collected 323 gold pieces.

Inventory:

Hand Weapons
 a - a +1 long sword (weapon)
Armour
 b - a +0 scale mail (worn)
 c - a +1 buckler (worn)
Jewellery
 f - a +4 ring of slaying (left hand)
 h - a ring of fire
 i - a ring of protection from fire (right hand)
 s - a +6 ring of intelligence
 u - an amulet of the acrobat (around neck)
 y - an amulet of regeneration
Wands
 q - a wand of digging (8)
Scrolls
 e - 2 scrolls of magic mapping
 t - a scroll of teleportation
 v - a scroll of enchant armour
 x - a scroll of enchant weapon
Potions
 d - a potion of might
 k - a potion of flight
 n - a potion of mutation
 o - 3 potions of brilliance
 p - a potion of curing
 r - a potion of heal wounds


   Skills:
 + Level 6.2 Fighting
 * Level 6.9 Long Blades
 + Level 5.6 Armour
 + Level 5.6 Shields
 * Level 6.0 Invocations


You had 6 spell levels left.
You knew the following spells:

 Your Spells              Type           Power      Damage    Failure   Level
a - Apportation           Tloc           0%         N/A       80%         1

Your spell library contained the following spells:

 Spells                   Type           Power      Damage    Failure   Level
 Animate Skeleton         Necr           0%         N/A       80%         1
 Summon Small Mammal      Summ           0%         N/A       80%         1
 Inner Flame              Hex/Fire       0%         N/A       99%         3
 Cause Fear               Hex            0%         N/A       100%        4
 Discord                  Hex            0%         N/A       100%        8


Dungeon Overview and Level Annotations

Branches:
Dungeon (7/15)             Temple (1/1) D:4

Altars:
Ashenzari
Cheibriados
Elyvilon
Gozag
Hepliaklqana
Kikubaaqudgha
Makhleb
Okawaru
Qazlal
Sif Muna
Uskayaw
Wu Jian
Zin

Annotations:
D:6 3 runed translucent doors, croobank's ghost, novice OpFE


Message History

The vampire mosquito draws strength from your injuries!
The vampire mosquito bites you!
* * * LOW HITPOINT WARNING * * *
The vampire mosquito draws strength from your injuries!
You slash the vampire mosquito!
The vampire mosquito is heavily damaged.
The vampire mosquito bites you.
* * * LOW HITPOINT WARNING * * *
The vampire mosquito draws strength from your injuries!
You block the vampire mosquito's attack.
You strike the helpless vampire mosquito from behind!
You hit the vampire mosquito.
The vampire mosquito is heavily damaged.
The vampire mosquito barely misses you.
You hit the vampire mosquito.
The vampire mosquito is lightly damaged.
You miss the vampire mosquito.
The vampire mosquito is heavily damaged.
You block the vampire mosquito's attack.
The vampire mosquito closely misses you.
You closely miss the vampire mosquito.
The vampire mosquito is heavily damaged.
The vampire mosquito completely misses you.
The vampire mosquito barely misses you.
You strike the helpless vampire mosquito from behind!
You slash the vampire mosquito!
You destroy the vampire mosquito!
Qazlal accepts your kill. The vampire mosquito misses you.
Your Invocations skill increases to level 6!
You closely miss the vampire mosquito.
The vampire mosquito is lightly damaged.
The vampire mosquito closely misses you.
The vampire mosquito barely misses you.
You closely miss the vampire mosquito. The vampire mosquito bites you!
* * * LOW HITPOINT WARNING * * *
The vampire mosquito draws strength from your injuries!
The vampire mosquito barely misses you.
You closely miss the vampire mosquito. The vampire mosquito bites you!
You die...

.....#.#.##....##.....#
.....#.#.#.....###....#
.....#.#.##....###.#'##
....##.#.......#.....#
....##.####....#.#...# ....##.#
#..........############ .#####.#
#.#..#.#............... .# #.#
#.#..#.#..>############ .# #.#
#....#@#..#...........#
.#####.######.##y#..#.##.#.####.#
...............#.#....[.........#
######.#########.#..########.####
.......# #.................
#####..# ###..########.#### #..#
#........<...... #..#
##.##########..# #..# #.# #..#


You could see a vampire mosquito.

Vanquished Creatures
  A vampire mosquito (D:6)
  An orc warrior (D:6)
  A hornet zombie (D:6)
  3 black bears (D:6)
  2 ogres (D:5)
  A bullfrog (D:7)
  2 scorpions (D:6)
  2 howler monkeys (D:6)
  2 centaur zombies
  A crimson imp (D:5)
  A hound (D:4)
  2 jellies
  3 iguanas
  A scorpion zombie (D:5)
  A hound zombie (D:5)
  Robin (D:3)
  A gnoll (D:3)
  4 adders
  A white imp (D:6)
  An ufetubus (D:5)
  2 dart slugs
  A worm (D:3)
  5 orcs
  8 endoplasms
  2 giant cockroaches
  11 hobgoblins
  5 jackals
  3 kobolds
  3 quokkas
  9 ball pythons
  11 bats
  3 frilled lizards
  14 goblins
  A quokka skeleton (D:4)
  7 rats
117 creatures vanquished.

Vanquished Creatures (others)
  A plant (D:1)
1 creature vanquished.

Grand Total: 118 creatures vanquished

Notes
Turn   | Place    | Note
-------+----------+-------------------------------------------
     0 | D:1      | pkoi the Hill Orc Fighter began the quest for the Orb.
     0 | D:1      | Reached XP level 1. HP: 19/19 MP: 1/1
   149 | D:1      | Reached XP level 2. HP: 27/27 MP: 2/2
   597 | D:1      | Reached XP level 3. HP: 33/33 MP: 3/3
   597 | D:1      | You fall into a shaft and drop 1 floor!
   903 | D:1      | Found a faded altar of an unknown god.
  1521 | D:2      | Reached XP level 4. HP: 40/40 MP: 4/4
  1552 | D:2      | Found a snail-covered altar of Cheibriados.
  2084 | D:3      | Noticed Robin
  2101 | D:3      | Killed Robin
  2176 | D:3      | Found an iron altar of Okawaru.
  2192 | D:3      | Reached XP level 5. HP: 47/47 MP: 5/5
  3118 | D:4      | Learned a level 1 spell: Apportation
  3312 | D:4      | Found a staircase to the Ecumenical Temple.
  3380 | Temple   | Entered the Ecumenical Temple
  3426 | Temple   | Became a worshipper of Qazlal Stormbringer
  3718 | D:4      | Found an ornate altar of the Wu Jian Council.
  3909 | D:5      | Entered Level 5 of the Dungeon
  3921 | D:5      | Noticed an ogre
  3938 | D:5      | Reached XP level 6. HP: 53/53 MP: 6/6
  4032 | D:5      | Reached skill level 1 in Invocations
  4323 | D:5      | Reached skill level 5 in Fighting
  4323 | D:5      | Reached skill level 5 in Long Blades
  4386 | D:5      | Found a burning altar of Makhleb.
  4405 | D:5      | Reached XP level 7. HP: 61/61 MP: 8/8
  4764 | D:5      | Found a glowing silver altar of Zin.
  5193 | D:6      | Reached skill level 5 in Armour
  5193 | D:6      | Reached skill level 5 in Shields
  5554 | D:6      | Noticed croobank's ghost (novice OpFE)
  5555 | D:6      | Found a runed translucent gate.
  5555 | D:6      | Found a runed translucent gate.
  5555 | D:6      | Found a runed translucent gate.
  6196 | D:6      | Reached XP level 8. HP: 47/69 MP: 11/11
  6973 | D:7      | Reached skill level 5 in Invocations
  8105 | D:6      | Slain by a vampire mosquito

Illustrated notes

Levels and vault maps discovered:
D:1:      dpeg_arrival_arbitrary_a, layout_basic,
          dreamdust_ecumenical_altar_hidden_monk_grotto
D:2:      layout_loops_ring, basic_altar, kennysheep_boxes
D:3:      layout_basic, mainiacjoe_overflow_surrounded_room,
          kennysheep_generic_room_5, uniq_robin
D:4:      layout_loops_cross, mainiacjoe_overflow_six_doors_small,
          temple_statues
D:5:      layout_gridville, makhleb_grotto_becter, zin_statuary
D:6:      layout_basic, ebering_ghost_rock_garden
D:7:      layout_rooms, trog_ov_bears_minmay, mainiacjoe_overflow_cross_hatched,
          mainiacjoe_overflow_paths, grunt_temple_overflow_open
Temple:   jpeg_temple_island

Skill      XL: |  1  2  3  4  5  6  7  8 |
---------------+-------------------------+-----
Fighting       | 4 5 6 |  6.2
Long Blades    | 3 4 5 6 |  6.9
Shields        | 4 5 |  5.6
Armour         | 4 5 |  5.6
Invocations    | 2 4 6 |  6.0

Action                   |  1- 3 |  4- 6 |  7- 9 || total
-------------------------+-------+-------+-------++-------
Melee: Long sword        |   105 |   135 |   116 ||   356
  Use: Scroll            |     3 |     5 |     5 ||    13
       Potion            |       |       |     6 ||     6
 Stab: Invisible         |       |       |     2 ||     2
Armor: Scale mail        |    64 |    53 |    50 ||   167
       Skin              |       |       |     2 ||     2
Dodge: Dodged            |    56 |    53 |    89 ||   198
Block: Buckler           |    21 |    25 |    29 ||    75
